 Dungeon Crawl Stone Soup version 0.29.1-1-gd02db6906a (webtiles) character file.

Game seed: 13611481652554868555

21 GeoRichter the Sneak (level 2, 0/15 HPs)
             Began as a Vine Stalker Brigand on Oct 17, 2022.
             Succumbed to a kobold's poison
             ... on level 1 of the Dungeon.
             The game lasted 00:01:26 (538 turns).

GeoRichter the Sneak (Vine Stalker Brigand)          Turns: 538, Time: 00:01:27

Health: 0/15       AC:  3    Str: 13    XL:     2   Next: 87%
Magic:  3/3        EV: 11    Int: 11    God:
Gold:   13         SH:  0    Dex: 15    Spells: 1/1 levels left

rFire   . . .      SeeInvis .   a - +2 dagger
rCold   . . .      Faith    .   (no shield)
rNeg    . . .      Spirit   +   b - +0 robe
rPois   .          Reflect  .   (no helmet)
rElec   .          Harm     .   c - +0 cloak
rCorr   .          Rampage  .   (no gloves)
Will    .....                   (no boots)
Stlth   +.........              (no amulet)
HPRegen 0.05/turn               (no ring)
MPRegen 0.08/turn               (no ring)

@: confused, lethally poisoned (0 -> -11), ambrosia-drunk
A: fangs 2, magic shield, antimagic bite, no potion heal 2
a: no special abilities


You were on level 1 of the Dungeon.
You visited 1 branch of the dungeon, and saw 1 of its levels.

You collected 13 gold pieces.

Inventory:

Hand Weapons
 a - a +2 dagger (weapon)
Missiles
 d - 15 poisoned darts (quivered)
 e - 3 curare-tipped darts {!f}
Armour
 b - a +0 robe (worn)
 c - a +0 cloak (worn)
Scrolls
 g - 2 scrolls of fog {unknown}
 h - a scroll of magic mapping {unknown}


   Skills:
 - Level 1.7 Fighting
 * Level 2.4 Short Blades
 - Level 1.7 Throwing
 - Level 0.7 Dodging
 * Level 5.4 Stealth


You had one spell level left.
You didn't know any spells.
Your spell library was empty.

Dungeon Overview and Level Annotations

Branches:
Dungeon (1/15) Zot: 5466

Altars:

Shops:
D:1 *


Innate Abilities, Weirdness & Mutations

You have extremely sharp teeth.
When hurt, damage is shared between your health and your magic reserves.
Your bite disrupts and absorbs the magic of your enemies.
Potions cannot restore your health.


Message History

d - 15 poisoned darts (gained 6)
A kobold comes into view. It is wielding a +2 dagger of venom.
You see here a +0 robe.
The helpless endoplasm fails to defend itself.
You impale the endoplasm!!
You kill the endoplasm!
The kobold shouts!
You hear a shout!
A hobgoblin and a goblin come into view.
The hobgoblin shouts!
The goblin shouts!
The quokka attacks as you move away! The quokka closely misses you.
The quokka attacks as you move away!
The quokka bites you but does no damage.
The quokka closely misses you.
You hit the quokka. You bite the quokka.
You kill the quokka!
The hobgoblin barely misses you.
You see here a quokka corpse.
The hobgoblin attacks as you move away! The hobgoblin hits you.
You closely miss the hobgoblin. The hobgoblin hits you.
You closely miss the hobgoblin. Your bite misses the hobgoblin.
The hobgoblin closely misses you.
You hit the hobgoblin. You bite the hobgoblin.
You kill the hobgoblin!
You hit the goblin. Your bite misses the goblin.
The goblin hits you but does no damage.
You hit the goblin.
You kill the goblin!
You hit the kobold but do no damage. The kobold hits you but does no damage.
You hit the kobold. The kobold misses you.
You hit the kobold but do no damage. You hit the kobold.
Your bite misses the kobold. The kobold closely misses you.
You hit the kobold.
The kobold hits you with a +2 dagger of venom.
You are poisoned.
You closely miss the kobold. You bite the kobold, but do no damage.
You feel sick.
The kobold hits you with a +2 dagger of venom.
You are lethally poisoned!
You hit the kobold.
You kill the kobold!
* * * LOW HITPOINT WARNING * * *
You feel very sick.
It was a potion of magic.
Magic courses through your body.
* * * LOW HITPOINT WARNING * * *
You feel very sick.
It was a potion of ambrosia.
You are confused.
Your system rejects the healing.
You feel invigorated.
You die...

......# ...## ~~..#..#
......## ...# #....#.
.......## ##.# #..>#..
...##...## ##.# #########
#...... ....###..# #..#
#...##..###...... ....#
#..###..# ###.....#........
....#
##)).#..###................
....#
#.†.#(..###........#######
.##.#
#........@)........(###
..#.#
#.....##.#######~.~...####
#...#
#...#.##.######≈≈.~≈†.....
##..#
#[...........##≈~∩≈≈......
####
#..[#.#..###...≈≈≈≈≈......
#...#...## #####≈≈≈(......
#####..## ####....... ####
########


There were no monsters in sight!

Vanquished Creatures
  A dart slug (D:1)
  A ball python (D:1)
  2 endoplasms (D:1)
  2 goblins (D:1)
  3 hobgoblins (D:1)
  2 quokkas (D:1)
  A frilled lizard (D:1)
  2 kobolds (D:1)
  3 rats (D:1)
17 creatures vanquished.

Notes
Turn   | Place    | Note
-------+----------+-------------------------------------------
     0 | D:1      | GeoRichter the Vine Stalker Brigand began the quest for the
                  | Orb.
     0 | D:1      | Reached XP level 1. HP: 11/11 MP: 2/2
    51 | D:1      | Reached skill level 5 in Stealth
   257 | D:1      | Reached XP level 2. HP: 10/15 MP: 3/3
   464 | D:1      | Found Foitoedgh's General Store.
   538 | D:1      | Succumbed to a kobold's poison

Illustrated notes

Levels and vault maps discovered:
D:1:      amcnicky_arrival_single_pillar, layout_rooms, serial_shops,
          nicolae_shop_waterfront, shapermc_ecumenical_altar_hornbeckon

Skill      XL: |  1 |
---------------+----+-----
Stealth        | 5 |  5.4
Short Blades   | 2 |  2.4
Fighting       | |  1.7
Throwing       | |  1.7
Dodging        | |  0.7

Action                   || total
-------------------------++-------
Melee: Dagger            ||    42
       Bite              ||    15
  Use: Potion            ||     2
 Stab: Sleeping          ||     3
Armor: Robe              ||     8
Dodge: Dodged            ||    17
